 Dungeon Crawl Stone Soup version 0.19.1-1-g22dce08 (webtiles) character file.

343 e2Xg the Ruffian (level 6, 0/61 HPs)
             Began as a Troll Berserker on Jan 2, 2017.
             Was a Believer of Trog.
             Succumbed to a worker ant's poison
             ... on level 4 of the Dungeon on Jan 3, 2017.
             The game lasted 00:10:16 (2934 turns).

e2Xg the Ruffian (Troll Berserker)                  Turns: 2934, Time: 00:10:17

Health: 0/61       AC:  5    Str: 28    XL:     6   Next: 31%
Magic:  5/5        EV: 11    Int:  3    God:    Trog [**....]
Gold:   261        SH:  0    Dex:  9    Spells: 0 memorised, 5 levels left

rFire  . . .     SeeInvis .       - Unarmed
rCold  . . .     Gourm    +     a - +0 animal skin
rNeg   . . .     Faith    .     (no shield)
rPois  .         Spirit   .     (helmet restricted)
rElec  .         Reflect  .     (no cloak)
rCorr  .         Harm     .     (gloves unavailable)
MR     .....                    (boots unavailable)
Stlth  +.........               (no amulet)
                                (no ring)
                                (no ring)

@: lethally poisoned (0 -> -1)
A: unfitting armour, claws 3, fast metabolism 3, gourmand, regeneration 1,
shaggy fur 1, tough skin 2
a: Berserk, Trog's Hand, Burn Spellbooks, Renounce Religion


You were on level 4 of the Dungeon.
You worshipped Trog.
Trog was pleased with you.
You were not hungry.

You visited 1 branch of the dungeon, and saw 4 of its levels.

You collected 261 gold pieces.

Inventory:

Armour
 a - a +0 animal skin (worn)
Scrolls
 d - 2 scrolls of teleportation {unknown}
 e - 2 scrolls of magic mapping {unknown}
 f - 2 scrolls of blinking {unknown}
 h - a scroll of fear {unknown}
 i - a scroll of remove curse {unknown}
 m - 3 scrolls of identify {unknown}
 o - a scroll of enchant armour {unknown}
 q - a scroll of enchant weapon {unknown}
Potions
 c - a potion of flight {unknown}
 g - a potion of magic {unknown}
 j - a potion of haste {unknown}
 k - a potion of degeneration {unknown}
 l - a potion of curing {unknown}
 n - a potion of agility {unknown}
 p - a potion of resistance {unknown}
Comestibles
 b - 2 bread rations


   Skills:
 + Level 3.2 Fighting
 + Level 3.9 Dodging
 + Level 0.2 Stealth
 + Level 5.4 Unarmed Combat


You had 5 spell levels left.
You didn't know any spells.

Dungeon Overview and Level Annotations

Branches:
Dungeon (4/15)
 Temple: D:4-7

Altars:
Ashenzari
Dithmenos
Nemelex Xobeh
Qazlal
Yredelemnul


Innate Abilities, Weirdness & Mutations

You are too large for most types of armour.
You have claws for hands.
Your metabolism is lightning-fast.
You like to eat raw meat.
Your natural rate of healing is unusually fast.
You are covered in fur. (AC +1)
You have very tough skin. (AC +2)


Message History

A worker ant is nearby!
You are too injured to fight recklessly!
A worker ant is nearby!
You feel sick.
The worker ant bites you but does no damage.
The worker ant bites you.
* * * LOW HITPOINT WARNING * * *
The worker ant bites you but does no damage.
The worker ant bites you but does no damage.
The worker ant closely misses you.
You feel sick. The worker ant bites you.
* * * LOW HITPOINT WARNING * * *
The worker ant bites you.
* * * LOW HITPOINT WARNING * * *
The worker ant closely misses you. The worker ant bites you.
* * * LOW HITPOINT WARNING * * *
The worker ant bites you.
* * * LOW HITPOINT WARNING * * *
You die...

## ##### #.. ...#
#.# #.### #.#
#####.... ##.##
#...#.###
######...###...#.#..
#..@.............#.#
#.a###...#.........#
#.. ##.##........[.
#.. #.####........
#.. #.............
#.. #######.#.....
#.. #.##.#.# #..
#.##.#.# #.##....


You could see a worker ant.

Vanquished Creatures
  Grinder (D:3)
  A bullfrog skeleton (D:4)
  A worker ant (D:4)
  2 adders
  5 worms
  4 dart slugs (D:2)
  3 leopard geckos
  5 orcs (D:4)
  5 bats
  A giant cockroach (D:1)
  11 goblins
  5 hobgoblins
  3 quokkas
  7 frilled lizards
  A kobold (D:2)
  3 rats (D:2)
58 creatures vanquished.

Notes
Turn   | Place    | Note
-------+----------+-------------------------------------------
     0 | D:1      | e2Xg the Troll Berserker began the quest for the Orb.
     0 | D:1      | Reached XP level 1. HP: 22/22 MP: 0/0
   383 | D:1      | Reached XP level 2. HP: 29/29 MP: 1/1
   783 | D:2      | Found a shattered altar of Ashenzari.
   945 | D:2      | Found a shadowy altar of Dithmenos.
  1017 | D:2      | Reached XP level 3. HP: 36/36 MP: 2/2
  1363 | D:2      | Found a basalt altar of Yredelemnul.
  2247 | D:3      | Reached XP level 4. HP: 43/44 MP: 3/3
  2288 | D:3      | Reached ** piety under Trog
  2291 | D:3      | Noticed Grinder
  2300 | D:3      | Killed Grinder
  2300 | D:3      | Reached skill level 5 in Unarmed Combat
  2300 | D:3      | Reached XP level 5. HP: 35/53 MP: 4/4
  2375 | D:3      | Found a stormy altar of Qazlal.
  2493 | D:3      | Reached XP level 6. HP: 60/61 MP: 5/5
  2728 | D:4      | Found a sparkling altar of Nemelex Xobeh.
  2933 | D:4      | HP: 1/61 [worker ant (6)]
  2934 | D:4      | Succumbed to a worker ant's poison

Skill      XL: |  1  2  3  4 |
---------------+-------------+-----
Dodging        | 3 |  3.9
Fighting       | 3 |  3.2
Unarmed Combat | 5 |  5.4
Stealth        | |  0.2

Action                   |  1- 3 |  4- 6 || total
-------------------------+-------+-------++-------
Melee: Unarmed           |   108 |    67 ||   175
       Punch             |     2 |     2 ||     4
 Stab: Sleeping          |       |     2 ||     2
  Eat: Chunk             |     9 |       ||     9
       Bread ration      |     2 |     1 ||     3
       Beef jerky        |     1 |       ||     1
Armor: Animal skin       |    45 |    21 ||    66
Dodge: Dodged            |    54 |    26 ||    80
